 Dungeon Crawl Stone Soup version 0.30-a0-924-g0ad0bf95bc (webtiles) character file.

Game seed: 933571405177105506

567 cforsyth the Cudgeller (level 7, -7/52 HPs)
             Began as a Human Fighter on Mar 22, 2023.
             Mangled by an ice beast (13 damage)
             ... on level 5 of the Dungeon.
             The game lasted 00:05:10 (3568 turns).

cforsyth the Cudgeller (Human Fighter)              Turns: 3568, Time: 00:05:10

Health: -7/52      AC:  9    Str: 18    XL:     7   Next: 59%
Magic:  7/7        EV:  6    Int:  8    God:
Gold:   279        SH:  4    Dex: 13    Spells: 6/6 levels left

rFire   . . .      SeeInvis .    a - +0 flail
rCold   . . .      Faith    .    c - +0 buckler
rNeg    . . .      Spirit   .    q - +0 chain mail
rPois   .          Reflect  .    (no helmet)
rElec   .          Rampage  .    (no cloak)
rCorr   .                        (no gloves)
Will    .....                    (no boots) Stlth
                                 (no amulet)
HPRegen 0.28/turn                (no ring)
MPRegen 0.10/turn                (no ring)

@: mighty
A: no striking features
a: no special abilities


You were on level 5 of the Dungeon.
You visited 1 branch of the dungeon, and saw 5 of its levels.

You collected 279 gold pieces.

Inventory:

Hand Weapons
 a - a +0 flail (weapon)
Armour
 b - a +0 scale mail
 c - a +0 buckler (worn)
 q - a +0 chain mail (worn)
Jewellery
 p - a +4 ring of slaying
 D - a ring of poison resistance
Wands
 n - a wand of roots (3)
 C - a wand of flame (15)
Scrolls
 g - 4 scrolls of identify {unknown}
 h - a scroll of amnesia {unknown}
 j - a scroll of butterflies {unknown}
 k - 2 scrolls of noise {unknown}
 l - 2 scrolls of fog {unknown}
 o - a scroll of fear {unknown}
 u - a scroll of blinking {unknown}
 v - 2 scrolls of silence {unknown}
 w - a scroll of magic mapping {unknown}
 y - 2 scrolls of teleportation {unknown}
 B - a scroll of poison {unknown}
Potions
 f - a potion of attraction {unknown}
 i - 4 potions of curing {unknown}
 m - a potion of flight {unknown}
 r - a potion of haste {unknown}
 s - a potion of magic {unknown}
 t - a potion of mutation {unknown}
 x - a potion of lignification {unknown}
 z - a potion of resistance {unknown}
 A - a potion of brilliance {unknown}


   Skills:
 - Level 3.0 Fighting
 + Level 7.8 Maces & Flails
 - Level 3.0 Armour
 - Level 3.0 Shields


You had 6 spell levels left.
You didn't know any spells.
Your spell library contained the following spells:

 Spells                   Type           Power      Damage    Failure   Level
 Summon Guardian Golem    Hex/Summ       0%         N/A       100%        3
 Tukima's Dance           Hex            0%         N/A       100%        3
 Olgreb's Toxic Radiance  Pois           0%         N/A       100%        4
 Passage of Golubria      Tloc           0%         N/A       100%        4
 Yara's Violent Unravell  Hex/Tmut       0%         3d3       100%        5
 Orb of Destruction       Conj           0%         9d5       100%        7
 Ozocubu's Refrigeration  Ice            0%         4d7       100%        7
 Spellforged Servitor     Conj/Summ      0%         N/A       100%        7
 Ignition                 Fire           0%         3d3       100%        8


Dungeon Overview and Level Annotations

Branches:
Dungeon (5/15)
 Temple: D:4-7

Altars:
Ashenzari

Annotations:
D:2 1 runed translucent door, Crazy Yiuf


Message History

Unknown command.
You hit the scorpion but do no damage.
The scorpion is severely wounded.
You feel sick. The scorpion stings you. The scorpion barely misses you.
Unknown command.
You closely miss the scorpion.
The scorpion is severely wounded.
You feel sick. The scorpion closely misses you.
You hit the scorpion.
You kill the scorpion!
You feel sick.
You hit the ice beast but do no damage.
You feel sick.
The ice beast hits you but does no damage.
You barely miss the ice beast.
You feel sick.
You are no longer poisoned.
You block the ice beast's attack.
You barely miss the ice beast. The ice beast hits you.
The ice beast freezes you!
* * * LOW HITPOINT WARNING * * *
You feel much better. The ice beast hits you. The ice beast freezes you!
You hit the ice beast.
The ice beast is lightly wounded.
The ice beast hits you. The ice beast freezes you!
* * * LOW HITPOINT WARNING * * *
Unknown command.
You feel very mighty all of a sudden. The ice beast completely misses you.
You barely miss the ice beast.
The ice beast is lightly wounded.
The ice beast hits you but does no damage.
You hit the ice beast.
The ice beast is moderately wounded.
The ice beast hits you but does no damage.
Unknown command.
You thump the ice beast!
The ice beast is heavily wounded.
The ice beast hits you.
* * * LOW HITPOINT WARNING * * *
The ice beast freezes you!
You die...

.. ###.## ## ..#... .. #.#..#
#. .....# #. ####### #.##†# #.
......### #.##.##########.
######....###.#.............
......>†.)Y@...♣♣♣..........
########.)..##..~♣~~♣.#######.
.........)....~~~~~~♣~<# #.
...###..####~♣♣~~P~~~♣♣ #.
#.......♣~~~♣~~~~~ #.
.....#.##♣♣~~~~~~~P♣ #.
....##..... P♣~~~~P~~ #. ....#
###...~ ~♣~~~~~~ #. ....
.##♣~~ ~~≈P~P~♣♣####.


You could see an ice beast.

Vanquished Creatures
  An ogre (D:5)
  3 scorpions
  An orc priest (D:5)
  A hound (D:5)
  Terence (D:2)
  2 iguanas
  3 gnolls
  3 adders (D:4)
  A white imp (D:4)
  2 worms
  3 dart slugs
  5 orcs
  9 endoplasms
  9 giant cockroaches
  7 goblins
  5 hobgoblins
  9 kobolds
  9 quokkas
  3 ball pythons
  9 bats
  2 frilled lizards
  6 rats
94 creatures vanquished.

Vanquished Creatures (others)
  13 plants (D:5)
13 creatures vanquished.

Grand Total: 107 creatures vanquished

Notes
Turn   | Place    | Note
-------+----------+-------------------------------------------
     0 | D:1      | cforsyth the Human Fighter began the quest for the Orb.
     0 | D:1      | Reached XP level 1. HP: 18/18 MP: 1/1
   117 | D:1      | Reached XP level 2. HP: 21/24 MP: 2/2
   219 | D:1      | Found a faded altar of an unknown god.
   318 | D:1      | Reached skill level 3 in Maces & Flails
   359 | D:1      | Reached XP level 3. HP: 28/29 MP: 3/3
   698 | D:2      | Noticed Terence
   713 | D:2      | Killed Terence
   714 | D:2      | Reached skill level 4 in Maces & Flails
   714 | D:2      | Reached XP level 4. HP: 6/35 MP: 4/4
   997 | D:2      | Found a runed translucent door.
   998 | D:2      | Noticed Crazy Yiuf
  1759 | D:3      | Identified the +2 leather armour of the Dowdy God {Fly
                  | rPois rN+ Dex-5}
  2074 | D:3      | Reached XP level 5. HP: 41/41 MP: 5/5
  2492 | D:4      | Reached skill level 5 in Maces & Flails
  2618 | D:4      | Reached XP level 6. HP: 45/47 MP: 6/6
  2931 | D:4      | Reached skill level 6 in Maces & Flails
  3066 | D:5      | Entered Level 5 of the Dungeon
  3087 | D:5      | Found a broken altar of Ashenzari.
  3277 | D:5      | Noticed an ogre
  3282 | D:5      | Killed an ogre
  3283 | D:5      | Reached skill level 7 in Maces & Flails
  3283 | D:5      | Reached XP level 7. HP: 52/52 MP: 7/7
  3568 | D:5      | Mangled by an ice beast

Illustrated notes

Levels and vault maps discovered:
D:1:      heliophobic_arrival_ceremonial_halls, layout_rooms,
          shapermc_ecumenical_altar_mp_highgroup
D:2:      layout_basic, uniq_terence, uniq_crazy_yiuf_cottage
D:3:      layout_basic
D:4:      layout_loops_ring, bh_walls_and_bars
D:5:      layout_basic, mainiacjoe_overflow_six_doors_small,
          mainiacjoe_overflow_brackets, serial_bayou, serial_bayou_lagoon_a,
          serial_bayou_lake_a, serial_bayou_pond_b, serial_bayou_pond_b

Skill      XL: |  1  2  3  4  5  6 |
---------------+-------------------+-----
Maces & Flails | 3 4 5 7 |  7.8
Fighting       | |  3.0
Armour         | |  3.0
Shields        | |  3.0

Action                     |  1- 3 |  4- 6 |  7- 9 || total
---------------------------+-------+-------+-------++-------
  Melee: Flail             |    72 |   203 |    45 ||   320
  Evoke: Wand              |       |     5 |       ||     5
    Use: Potion            |       |       |     3 ||     3
 Armour: Scale mail        |    31 |    15 |       ||    46
         Chain mail        |       |   110 |    27 ||   137
  Dodge: Dodged            |    28 |    67 |    15 ||   110
  Block: Buckler           |    13 |    48 |     9 ||    70

Table legend: (Time is in decaauts)
 A = Elapsed time spent in this place.
 B = Non-inter-level travel time spent in this place.
 C = Inter-level travel time spent in this place.
 D = Time resting spent in this place.
 E = Time spent auto-exploring this place.
 F = Levels seen in this place.
 G = Mean time per level.
                   A        B        C        D        E       F      G
               +--------+--------+--------+--------+--------+-----+--------+
         Total |   3641 |   3477 |    164 |    144 |   2534 |   5 |  728.2 |
       Dungeon |   3641 |   3477 |    164 |    144 |   2534 |   5 |  728.2 |
               +--------+--------+--------+--------+--------+-----+--------+

Top non-repeatable levels by time:
     D:2: 966 daAuts
     D:4: 809 daAuts
     D:3: 733 daAuts
     D:1: 697 daAuts
     D:5: 434 daAuts
